 Dungeon Crawl Stone Soup version 0.21-a0-525-ga34b322 (webtiles) character file.

602369 4thArraOfDagon the Executioner (level 27, -3/258 HPs)
             Began as a Hill Orc Enchanter on Dec 6, 2017.
             Was the Champion of Yredelemnul.
             Slain by a phantasmal warrior (5 damage)
             ... summoned by a mummy priest
             ... on level 2 of the Tomb of the Ancients on Dec 7, 2017.
             The game lasted 03:28:02 (32306 turns).

4thArraOfDagon the Executioner (HOEn)              Turns: 32306, Time: 03:28:03

Health: -3/258     AC: 37    Str: 15 (16) XL:     27
Magic:  38/39      EV: 17    Int: 38 (39) God:    Yredelemnul [******]
Gold:   1324       SH:  0    Dex:  7 (13) Spells: 15/50 levels left

rFire    . . .     SeeInvis .   W - +9 executioner's axe (vamp)
rCold    + + +     Gourm    .   (shield currently unavailable)
rNeg     + + +     Faith    .   Z - +11 ice dragon scales of the Desolation of Salt {rF- rC++ rN+ MR+ rCorr Str+2 Dex-4}
rPois    +         Spirit   .   m - +0 helmet of Edeecur {Int+7 Dex+6}
rElec    .         Reflect  .   z - +1 cloak {rPois}
rCorr    +         Harm     .   c - +1 pair of gloves {Str+3}
MR       +....                  S - +1 pair of boots {run}
Stlth    +.........             A - amulet "Vaot" {rC+ rN+ Regen+ Str-4 Int+6}
HPRegen  2.33/turn              E - ring of positive energy
MPRegen  0.26/turn              C - ring of Tahicax {EV+6 Stlth+}

@: lethally poisoned (-3 -> -3), vulnerable, regenerating, slowed, very slow
A: hooves 2, blurry vision 1, clever 1, fire resistance 1, regeneration 1,
subdued magic 1
}: 4/15 runes: decaying, serpentine, slimy, silver
a: Recall Undead Slaves, Injury Mirror, Animate Dead, Drain Life, Enslave Soul,
Renounce Religion


You were on level 2 of the Tomb of the Ancients.
You worshipped Yredelemnul.
Yredelemnul was exalted by your worship.
You were full.

You visited 12 branches of the dungeon, and saw 55 of its levels.
You visited 2 bazaars.
You visited 1 ziggurat, and saw 9 of its levels.
You also visited: Labyrinth and Sewer.

You collected 5160 gold pieces.
You spent 3836 gold pieces at shops.

Inventory:

Hand Weapons
 R - a +9 vampiric broad axe
 W - a +9 vampiric executioner's axe (weapon)
Missiles
 L - 8 throwing nets (quivered)
Armour
 c - a +1 pair of gloves of strength (worn)
 m - the +0 helmet of Edeecur (worn) {Int+7 Dex+6}
   (You found it on level 5 of the Vaults)

   It affects your intelligence (+7).
   It affects your dexterity (+6).
 n - a +2 hat of magic resistance
 z - a +1 cloak of poison resistance (worn)
 S - a +1 pair of boots of running (worn)
 U - a +0 buckler of protection
 Y - the +1 cloak of Starlight {rElec rC+ EV+4 Stlth--}
   (You acquired it on level 4 of the Vaults)

   It affects your evasion (+4).
   It protects you from cold.
   It insulates you from electricity.
   It makes you much less stealthy.
 Z - the +11 ice dragon scales of the Desolation of Salt (worn) {rF- rC++ rN+ MR+ rCorr Str+2 Dex-4}
   (You took it off a deep elf blademaster on level 3 of the Elven Halls)

   It affects your strength (+2).
   It affects your dexterity (-4).
   It makes you vulnerable to fire.
   It greatly protects you from cold.
   It protects you from negative energy.
   It affects your resistance to hostile enchantments.
   It protects you from acid and corrosion.
Jewellery
 k - an uncursed ring of poison resistance
 A - the amulet "Vaot" (around neck) {rC+ rN+ Regen+ Str-4 Int+6}
   (You found it on level 5 of the Pits of Slime)

   [amulet of regeneration]

   It affects your strength (-4).
   It affects your intelligence (+6).
   It protects you from cold.
   It protects you from negative energy.
   It increases your rate of regeneration.
 C - the ring of Tahicax (right hand) {EV+6 Stlth+}
   (You took it off a deep elf mage on level 3 of the Elven Halls)

   [ring of evasion]

   It affects your evasion (+6).
   It makes you more stealthy.
 D - the ring of Eraiziol {MP+9 Int+3 SInv}
   (You took it off a vampire knight on level 4 of the Depths)

   [ring of see invisible]

   It affects your intelligence (+3).
   It affects your magic capacity (+9).
   It lets you see invisible.
 E - a ring of positive energy (left hand)
 H - an uncursed ring of protection from fire
 X - the ring "Ehetzyir" {rF+ rC+ MR- Str+4 Dex+4}
   (You found it in a labyrinth)

   [ring of strength]

   It affects your strength (+4).
   It affects your dexterity (+4).
   It protects you from fire.
   It protects you from cold.
   It affects your resistance to hostile enchantments.
Wands
 a - a wand of acid (22)
 j - a wand of scattershot (15)
 y - a wand of digging (32)
 M - a wand of clouds (20)
 N - a wand of iceblast (84)
Scrolls
 b - 6 scrolls of fog
 h - 24 scrolls of teleportation
 q - 19 scrolls of remove curse
 v - 10 scrolls of fear
 I - 11 scrolls of blinking
 O - 9 scrolls of magic mapping
 Q - 2 scrolls of summoning
Potions
 e - 4 potions of ambrosia
 f - 18 potions of curing
 i - 8 potions of heal wounds
 o - 10 potions of mutation
 p - 7 potions of lignification
 r - a potion of berserk rage
 s - 10 potions of brilliance
 x - 15 potions of flight
 B - 8 potions of agility
 G - 3 potions of might
 J - 2 potions of resistance
 K - 7 potions of haste
 P - 4 potions of magic
 T - 3 potions of invisibility
 V - 8 potions of cancellation
Miscellaneous
 g - 3 boxes of beasts
 t - a lamp of fire
 u - a lightning rod (4/4)
 w - a fan of gales
 F - a phantom mirror
Comestibles
 d - 24 bread rations
 l - 15 meat rations


   Skills:
 - Level 23.0 Fighting
   Level 1.0 Short Blades
 - Level 25.6(26.0) Axes
   Level 8.0(16.7) Maces & Flails
 - Level 18.1 Armour
 - Level 5.3 Dodging
 - Level 2.4 Stealth
 - Level 5.2 Shields
 + Level 12.2 Spellcasting
 - Level 3.0 Hexes
 - Level 5.7 Charms
 - Level 6.5 Necromancy
 * Level 16.2 Translocations
 + Level 24.9 Invocations


You had 15 spell levels left.
You knew the following spells:

 Your Spells              Type           Power        Failure   Level  Hunger
a - Blink                 Tloc           N/A          0%          2    None
b - Swiftness             Chrm/Air       ####....     1%          2    None
c - Regeneration          Chrm/Necr      ######....   1%          3    None
d - Apportation           Tloc           ######       0%          1    None
e - Shatter               Erth           ###.......   100%        9    #######
f - Passwall              Tmut/Erth      ###.......   5%          2    None
g - Controlled Blink      Tloc           N/A          32%         8    ######.
h - Lee's Rapid Deconstr  Erth           ###.......   73%         5    None
i - Spectral Weapon       Hex/Chrm       #####...     1%          3    None


Dungeon Overview and Level Annotations

Branches:
Dungeon (15/15)            Temple (1/1) D:4            Lair (6/6) D:8
  Swamp (4/4) Lair:3        Snake (4/4) Lair:3        Slime (5/5) Lair:6
    Orc (2/2) D:12            Elf (3/3) Orc:2        Vaults (5/5) D:14
  Crypt (3/3) Vaults:3       Tomb (2/3) Crypt:3      Depths (5/5) D:15
    Zot (0/5) Depths:5

Altars:
Ashenzari
Cheibriados
Dithmenos
Elyvilon
Fedhas
Hepliaklqana
Kikubaaqudgha
Makhleb
Nemelex Xobeh
Okawaru
Qazlal
Ru
Sif Muna
Trog
Uskayaw
Vehumet
Wu Jian
Xom
Yredelemnul
The Shining One
Beogh
Jiyva

Shops:
D:7 }   Orc:1 *   Orc:2 =[((   Snake:3 ==}   Snake:4 =   Vaults:3 }%*
Vaults:5 ==*   Depths:1 [   Depths:4 ![

Portals:
Hell: Depths:1 Depths:2 Depths:4 Depths:5
Abyss: Depths:4

Annotations:
Snake:4 exclusion: Roxanne, Roxanne
Tomb:2 Khufu


Innate Abilities, Weirdness & Mutations

You have hoof-like feet.
Scrolls take you a little longer to read.
Your mind is acute. (Int +2)
Your flesh is heat resistant. (rF+)
Your natural rate of healing is unusually fast.
Your spells are a little easier to cast, but a little less powerful.


Message History

Unknown command.
Unknown command.
Unknown command.
Unknown command.
You feel much better.
You feel sick. The jiangshi misses you.
The jiangshi claws you but does no damage.
Your skeletal warrior misses the jiangshi.
Your skeletal warrior hits the golden dragon simulacrum with a hand axe.
The phantasmal warrior hits you!
* * * LOW HITPOINT WARNING * * *
The golden dragon simulacrum bites you but does no damage.
The golden dragon simulacrum claws you but does no damage.
The golden dragon simulacrum tramples you but does no damage.
The mummy priest calls on the powers of darkness!
You feel a surge of unholy energy.
Your skeletal warrior hits the jiangshi with a hand axe!
Your skeletal warrior hits the golden dragon simulacrum with a hand axe!
The phantasmal warrior hits you.
You die...
Your body rises from the dead as a mindless zombie.

#.^..^#...##.......
#.....#...........s
#..^$.#..M........M
#.^^..#M.......s..s
###'###....##......
#.^...#.2s.##..s...
#.....#....##z.s...
#.....#.##.##.M.M..
#^@Zz.#.. .##...MM.
#MWV.<#.. .##......
#...^.#.. #......
#.....#.?. ........
#..^..#............
#.....#............
#.....#...##.......
###'###...###......
#....###...#.


You could see a mummy priest, a jiangshi, a phantasmal warrior, a golden dragon
simulacrum and a friendly skeletal warrior.

Vanquished Creatures
  A juggernaut (Depths:5)
  3 ancient liches
  Sojobo (Depths:3)
  A greater mummy (Tomb:1)
  2 shard shrikes (Zig:5)
  Bai Suzhen (Depths:2)
  Margery (Depths:4)
  Vashnia (Snake:4)
  2 caustic shrikes
  3 golden dragons
  2 bone dragons
  Jorgrun (Swamp:4)
  5 liches
  A tentacled monstrosity (Depths:5)
  8 titans
  Asterion (Elf:2)
  10 acid blobs
  11 sphinxes
  6 ancient champions
  11 tengu reavers
  Agnes (Snake:4)
  5 shadow dragons
  8 nagarajas
  3 azure jellies
  12 vault wardens
  A storm dragon (Vaults:5)
  2 revenants
  8 deep elf sorcerers
  11 fire giants
  4 frost giants
  3 iron dragons
  A curse skull (Crypt:3)
  12 ironheart preservers
  3 deep elf elementalists
  2 draconian annihilators (Depths:5)
  6 spriggan defenders
  24 stone giants
  4 war gargoyles
  8 vampire knights
  9 very ugly things
  2 entropy weavers
  2 deep elf demonologists
  2 black draconians (Depths:5)
  4 bennus
  5 deep elf annihilators
  2 eidola
  8 spark wasps
  6 jiangshi
  17 ettins
  4 deep elf death magi
  4 crystal guardians (Depths:2)
  A green death (Snake:3)
  16 fire dragons
  11 ogre magi
  A merfolk impaler (Depths:1)
  4 deep elf high priests
  11 great orbs of eyes
  A minotaur (Lab)
  16 yaktaur captains
  12 mummy priests
  8 ice dragons
  40 vault guards
  4 rakshasas
  2 catoblepae (Depths:3)
  8 spriggan air magi
  4 hydras
  A quicksilver dragon skeleton (Crypt:3)
  7 anacondas
  A catoblepas (shapeshifter) (Vaults:5)
  22 naga warriors
  10 centaur warriors
  7 dancing weapons
  3 death knights
  A two-headed ogre (shapeshifter) (Vaults:5)
  2 tengu warriors
  24 two-headed ogres
  9 deep troll shamans
  A hell hog (Zig:7)
  An alligator (Swamp:4)
  5 death scarabs (Tomb:2)
  6 deep troll earth magi
  8 shock serpents
  3 vampire magi
  4 spriggan berserkers
  13 naga sharpshooters
  A storm dragon zombie (Depths:1)
  2 orc high priests
  2 soul eaters
  4 titan skeletons
  Sonja (Lair:2)
  9 deep elf knights
  An iron troll (Depths:2)
  A fire crab (shapeshifter) (D:15)
  A spatial maelstrom (Zig:7)
  21 hell knights
  2 salamander mystics
  2 shadow wraiths
  22 skeletal warriors
  18 deep trolls
  A sea snake (shapeshifter) (Depths:5)
  A sea snake (Snake:3)
  A swamp dragon (shapeshifter) (D:11)
  3 unseen horrors
  6 glowing orange brains
  5 flayed ghosts
  2 obsidian statues
  6 swamp dragons
  7 phantasmal warriors
  11 deep elf archers
  11 naga ritualists
  6 wizards
  15 ironbrand convokers
  10 mana vipers
  A large abomination (Elf:3)
  An anaconda skeleton (Crypt:2)
  11 necromancers
  3 lindwurms (Lair:6)
  4 harpies
  A harpy (shapeshifter) (Vaults:3)
  8 orc knights
  A mana viper (shapeshifter) (Vaults:3)
  24 deep elf magi
  An oklob plant (Zig:9)
  A small abomination (Depths:4)
  6 wolf spiders
  3 cyclopes
  30 ugly things
  4 orc sorcerers
  14 salamanders
  3 stone giant zombies
  2 frost giant zombies
  2 shadow dragon skeletons
  A manticore (D:11)
  A tengu skeleton (Vaults:5)
  A salamander (shapeshifter) (Depths:5)
  5 smoke demons
  A stone giant skeleton (Vaults:5)
  6 torpor snails (Lair:6)
  2 guardian serpents
  33 naga magi
  17 vault sentinels
  38 black mambas
  2 frost giant skeletons
  2 eyes of devastation (Slime:2)
  7 gargoyles
  A titan simulacrum (Vaults:4)
  5 spiny frogs
  A spiny frog (shapeshifter) (Vaults:2)
  A yaktaur zombie (Depths:1)
  A rime drake (shapeshifter) (Depths:1)
  44 yaktaurs
  9 rime drakes
  A dire elephant skeleton (Crypt:3)
  An efreet (D:13)
  An emperor scorpion zombie (Crypt:2)
  6 komodo dragons
  2 ancient zymes (Zig:7)
  9 freezing wraiths
  An ice devil (Zig:5)
  A silent spectre (Zig:6)
  A yaktaur skeleton (Vaults:5)
  3 red devils (Crypt:3)
  A tengu conjurer (Depths:2)
  A yaktaur (shapeshifter) (Depths:1)
  A troll (shapeshifter) (Depths:2)
  A queen bee (shapeshifter) (Depths:3)
  11 guardian mummies
  5 trolls
  Prince Ribbit (D:8)
  10 tyrant leeches
  A polar bear (shapeshifter) (Vaults:5)
  7 blink frogs
  A minotaur skeleton (Crypt:1)
  An ettin zombie (Crypt:3)
  16 hornets
  2 ice dragon zombies
  A polar bear (Lair:2)
  7 dream sheep
  65 slime creatures
  A hydra skeleton (Crypt:2)
  A snapping turtle (shapeshifter) (D:15)
  A dream sheep (shapeshifter) (Vaults:5)
  10 bog bodies
  A fire giant simulacrum (Vaults:4)
  2 meliai zombies
  2 ettin skeletons (Crypt:3)
  10 spriggans
  4 flying skulls
  6 hippogriffs
  An ice dragon skeleton (Crypt:3)
  8 air elementals
  A vampire (Swamp:4)
  2 wyverns
  6 redbacks
  10 water elementals
  4 ushabtiu
  8 wraiths
  8 shadows
  A wyvern (shapeshifter) (Vaults:3)
  A fire elemental (Elf:1)
  A hog (shapeshifter) (Depths:5)
  21 yaks
  11 basilisks
  4 hungry ghosts
  A golden eye (Slime:5)
  2 humans (shapeshifter) (D:15)
  A human simulacrum (Vaults:3)
  Grum (D:9)
  8 steam dragons
  A chaos spawn (Zig:7)
  2 wargs
  2 vampire mosquitoes
  14 water moccasins
  10 insubstantial wisps
  4 swamp worms
  The ghost of Celandrion the Chiller, an amateur GrIE of Vehumet (Sewer)
  4 acid dragons
  4 porcupines
  55 nagas
  2 floating eyes (Depths:4)
  A faun skeleton (Crypt:1)
  A spiny frog zombie (Crypt:3)
  6 swamp drakes
  29 ogres
  5 phantoms
  3 sky beasts
  4 eyes of draining
  3 ice beasts
  2 necrophages
  32 orc warriors
  A snapping turtle zombie (Crypt:1)
  An ogre (shapeshifter) (Vaults:4)
  A spriggan simulacrum (Depths:2)
  14 boggarts
  10 wolves
  A rime drake zombie (Crypt:2)
  12 centaurs
  4 crocodiles
  6 big kobolds
  3 earth elementals
  13 bullfrogs
  2 wyvern zombies
  A gnoll sergeant (D:6)
  A komodo dragon zombie (Crypt:2)
  An elf skeleton (Crypt:1)
  A water moccasin zombie (Crypt:1)
  A wyvern skeleton (Crypt:2)
  2 scorpions
  2 water moccasin skeletons
  6 killer bees (D:8)
  2 troll zombies (Swamp:3)
  4 wights (D:9)
  An electric eel (Lair:2)
  3 spriggan skeletons
  A bullfrog zombie (D:11)
  8 crimson imps
  5 centaur zombies
  7 starcursed masses (Zig:7)
  A quasit (D:6)
  A jelly (D:5)
  17 orc priests
  4 hounds
  9 centaur skeletons
  27 orc wizards
  A bullfrog skeleton (D:11)
  A black bear skeleton (Crypt:1)
  5 iguanas
  A human skeleton (Crypt:3)
  8 worker ants
  2 hell rats (Lair:2)
  3 ogre zombies (D:12)
  A naga skeleton (Crypt:1)
  An ogre skeleton (Lab)
  31 mummies
  A howler monkey zombie (D:6)
  10 gnolls
  20 adders
  7 river rats (Lair:2)
  6 shadow imps
  5 oozes
  An adder zombie (D:5)
  2 adder skeletons
  5 worms
  2 dart slugs
  4 leopard geckos
  108 orcs
  10 bats
  10 giant cockroaches
  5 hobgoblins
  24 jackals
  3 quokkas
  2 ball pythons (Sewer)
  11 frilled lizards
  4 goblins
  A goblin skeleton (D:12)
  2 goblin zombies (D:12)
  A hobgoblin skeleton (D:12)
  A hobgoblin zombie (D:12)
  A jackal zombie (D:9)
  16 kobolds
  9 orc zombies (D:12)
  A quokka skeleton (D:9)
  12 rats
  6 briar patches (Swamp:3)
  2 crawling corpses (Elf:3)
  3 fungi
  13 plants
2008 creatures vanquished.

Vanquished Creatures (collateral kills)
  the Royal Jelly (Slime:5)
  Saint Roka (Orc:2)
  the Lernaean hydra (Swamp:4)
  Jory (Crypt:1)
  A golden dragon (Vaults:4)
  the Enchantress (Depths:1)
  Rupert (D:12)
  An Ice Fiend (Zig:5)
  3 deep elf blademasters (Elf:3)
  The ghost of Aviak the Fighter, an adept DrVM of Ru (Elf:1)
  A deep elf master archer (Elf:3)
  A quicksilver dragon (Vaults:5)
  A sphinx (Tomb:1)
  9 acid blobs (Slime:5)
  A tentacled starspawn (Zig:7)
  Gastronok (D:9)
  3 thorn hunters
  The ghost of Soeti the Thaumaturge, an adept DsFE of Vehumet (D:15)
  Donald (Swamp:4)
  4 azure jellies (Slime:5)
  A frost giant (Depths:2)
  A vault warden (Vaults:4)
  9 deep elf sorcerers
  An orc warlord (Orc:1)
  6 deep elf elementalists (Elf:3)
  2 ironheart preservers (Vaults:5)
  A stone giant (Depths:4)
  A very ugly thing (Depths:5)
  An entropy weaver (Vaults:4)
  4 deep elf annihilators
  4 deep elf demonologists
  A black draconian (Depths:5)
  A spark wasp (Depths:1)
  6 deep elf death magi (Elf:3)
  An ettin (Depths:1)
  A fire dragon (Depths:5)
  6 death oozes (Slime:5)
  3 eidola (D:14)
  A jiangshi (Crypt:1)
  6 great orbs of eyes
  3 deep elf high priests (Elf:3)
  An ice dragon (Depths:2)
  A rakshasa (Depths:3)
  3 vault guards
  4 naga warriors
  4 centaur warriors
  14 hydras
  Erolcha (D:9)
  2 alligators
  A catoblepas (D:15)
  2 death knights
  3 anacondas
  7 two-headed ogres
  15 dancing weapons
  4 naga sharpshooters
  3 ogre magi
  A vampire mage (D:14)
  A shock serpent (Snake:4)
  A storm dragon zombie (Depths:2)
  A small abomination (Elf:3)
  A wretched star (Zig:7)
  19 deep elf knights
  Urug (Orc:1)
  A skeletal warrior (D:15)
  A salamander mystic (Snake:4)
  3 unseen horrors
  A flayed ghost (Vaults:5)
  7 swamp dragons
  A shambling mangrove (Swamp:2)
  A naga ritualist (Snake:3)
  2 sea snakes (Snake:3)
  An ironbrand convoker (Vaults:4)
  9 phantasmal warriors
  11 deep elf archers
  42 deep elf magi
  3 orc knights
  9 ugly things
  An orc sorcerer (Orc:1)
  3 salamanders
  A manticore (D:15)
  2 shining eyes
  4 centaur zombies (D:14)
  A torpor snail (Lair:6)
  A fire giant skeleton (Vaults:4)
  A vault sentinel (Vaults:5)
  A black mamba (Snake:3)
  4 naga magi
  2 centaur skeletons
  An elf skeleton (Depths:2)
  2 rime drakes (Lair:3)
  4 spiny frogs
  An emperor scorpion zombie (Crypt:1)
  3 yaktaurs
  A guardian mummy (Tomb:2)
  2 komodo dragons
  An efreet (D:14)
  5 trolls
  A polar bear (Lair:4)
  8 hornets
  4 tyrant leeches
  10 bog bodies
  8 slime creatures
  A frost giant simulacrum (Depths:2)
  4 shadows
  3 air elementals
  2 flying skulls (D:14)
  7 spriggans
  A wyvern (D:12)
  3 water elementals
  A wraith (D:13)
  4 fire elementals
  An ushabti (Tomb:2)
  A yak (D:10)
  5 steam dragons (Lair:3)
  6 vampire mosquitoes
  4 wargs (Orc:1)
  7 swamp worms
  9 insubstantial wisps
  A soldier ant (shapeshifter) (Elf:1)
  6 nagas
  A water moccasin (Lair:4)
  8 swamp drakes
  A sky beast (D:12)
  A swamp dragon zombie (Crypt:1)
  A starcursed mass (Zig:7)
  10 orc warriors
  A necrophage (D:12)
  2 ogres
  3 centaurs
  2 wolves (Lair:3)
  A gnoll sergeant (Orc:1)
  4 bullfrogs
  3 troll zombies (D:12)
  2 electric eels
  A crimson imp (D:4)
  An orc priest (Orc:2)
  9 orc wizards
  A hound (D:14)
  A worker ant (D:8)
  2 ogre zombies (D:12)
  2 mummies (Tomb:2)
  3 gnolls (Orc:1)
  18 orcs
  2 kobolds (D:8)
  2 goblin zombies (D:12)
  4 orc skeletons (D:12)
  5 orc zombies (D:12)
  5 fungi
  3 plants
  A withered plant (Crypt:3)
515 creatures vanquished.

Vanquished Creatures (others)
  A profane servitor (Swamp:4)
  A bone dragon (Slime:5)
  A tengu reaver (Depths:3)
  7 ghouls
  3 vampire knights
  A green death (Snake:3)
  A fire dragon (Depths:5)
  A spriggan air mage (Depths:2)
  2 death scarabs (Tomb:2)
  A tengu warrior (Depths:3)
  A hell knight (Depths:5)
  9 skeletal warriors
  9 flayed ghosts
  A swamp dragon (Swamp:2)
  8 phantasmal warriors
  An ironbrand convoker (Vaults:1)
  2 necromancers
  An ugly thing (Vaults:3)
  A naga mage (Snake:3)
  A rime drake (Lair:3)
  2 yaktaurs
  11 flying skulls
  10 vampires
  3 wraiths
  A steam dragon (Lair:3)
  A naga (Snake:4)
  A boggart (Depths:3)
  A wight (D:12)
  4 mummies
  An orc (Vaults:1)
  2 briar patches (Swamp:3)
  6 fungi
  45 plants
  A spectral weapon (Crypt:3)
  7 starspawn tentacles (Zig:7)
149 creatures vanquished.

Grand Total: 2672 creatures vanquished

Notes
Turn   | Place    | Note
-------+----------+-------------------------------------------
     0 | D:1      | 4thArraOfDagon the Hill Orc Enchanter began the quest for the Orb.
     0 | D:1      | Reached XP level 1. HP: 14/14 MP: 3/3
    98 | D:2      | Reached skill level 1 in Fighting
   293 | D:2      | You fall through a shaft!
   335 | D:3      | Reached XP level 2. HP: 22/25 MP: 2/4
   341 | D:3      | Learned a level 2 spell: Ensorcelled Hibernation
   494 | D:3      | Reached XP level 3. HP: 31/31 MP: 2/5
   552 | D:5      | Entered Level 5 of the Dungeon
   625 | D:5      | Reached skill level 2 in Axes
   625 | D:5      | Reached XP level 4. HP: 23/38 MP: 1/6
   669 | D:5      | Reached skill level 3 in Axes
   706 | D:5      | Reached skill level 4 in Axes
   735 | D:5      | HP: 1/38 [acid (9)]
   740 | D:5      | Reached skill level 5 in Axes
   740 | D:5      | Reached XP level 5. HP: 2/45 MP: 7/7
   745 | D:5      | HP: 1/45 [frilled lizard (2)]
   843 | D:4      | Noticed a phantom
   854 | D:4      | Found a shimmering altar of Xom.
   862 | D:4      | Found the +6 shillelagh "Devastator" {shatter}
   871 | D:4      | 4thArraOfDagon: ??shillelalh
   871 | D:4      | beem: shillelalh ~ shillelagh ~ devastator[1/5]: (maces & flails; +3 acc / 8 dam / 1.3 base delay / 0.6 min delay). The shillelagh "Devastator". It's a +6 shillelagh that casts radius 1 shatter when you hit something with it, centered on the thing you hit. Won't hit you or break walls. Spellpower scales with melee damage dealt. Not as noisy as the actual shatter spell (15, same as fireball, instead of...
   871 | D:4      | 4thArraOfDagon: ??shillelalh[2
   871 | D:4      | beem: shillelalh ~ shillelagh ~ devastator[2/5]: For practical purposes, think of it as a more accurate, but extremely noisy Crushing Eveningstar.
   871 | D:4      | 4thArraOfDagon: ??shillelalh[3
   871 | D:4      | beem: shillelalh ~ shillelagh ~ devastator[3/5]: she-lay-lee
   871 | D:4      | 4thArraOfDagon: ??shillelalh[4
   871 | D:4      | beem: shillelalh ~ shillelagh ~ devastator[4/5]: http://youtu.be/-rXt8L1Vu8A?t=1m30s
   871 | D:4      | 4thArraOfDagon: ??shillelalh[5
   871 | D:4      | beem: shillelalh ~ shillelagh ~ devastator[5/5]: https://www.youtube.com/watch?v=fU14VqcPIDo
   871 | D:4      | 4thArraOfDagon: rotfl
   871 | D:4      | 4thArraOfDagon: ok...
   892 | D:4      | Found a staircase to the Ecumenical Temple.
   901 | Temple   | Entered the Ecumenical Temple
   930 | Temple   | Became a worshipper of Yredelemnul the Dark
  1019 | D:5      | Found a glowing drain.
  1023 | Sewer    | Entered a sewer
  1029 | Sewer    | Reached skill level 1 in Maces & Flails
  1156 | Sewer    | Noticed Celandrion's ghost (amateur GrIE)
  1173 | Sewer    | Killed Celandrion's ghost
  1173 | Sewer    | Reached XP level 6. HP: 44/51 MP: 8/8
  1229 | Sewer    | Reached * piety under Yredelemnul
  1470 | D:3      | Reached skill level 1 in Armour
  1470 | D:3      | Reached skill level 1 in Invocations
  1470 | D:3      | Reached XP level 7. HP: 44/57 MP: 9/9
  1550 | D:3      | Reached ** piety under Yredelemnul
  1987 | D:1      | Reached skill level 5 in Maces & Flails
  2002 | D:1      | Reached *** piety under Yredelemnul
  2717 | D:4      | Reached XP level 8. HP: 37/67 MP: 10/10
  2862 | D:4      | Received a gift from Yredelemnul (a mummy)
  3067 | D:6      | Reached **** piety under Yredelemnul
  3123 | D:6      | Reached skill level 5 in Fighting
  3210 | D:6      | Gained mutation: You have large cloven feet. [mutagenic meat]
  3211 | D:6      | Gained mutation: Your spells are a little easier to cast, but a little less powerful. [mutagenic meat]
  3212 | D:6      | Gained mutation: Your natural rate of healing is unusually fast. [mutagenic meat]
  3214 | D:6      | Gained mutation: Your flesh is heat resistant. (rF+) [mutagenic meat]
  3271 | D:6      | Found a glowing golden altar of the Shining One.
  3299 | D:6      | Reached XP level 9. HP: 74/74 MP: 12/12
  3304 | D:6      | Received a gift from Yredelemnul (a mummy)
  3322 | D:6      | Received a gift from Yredelemnul (a wight)
  3333 | D:6      | Reached skill level 5 in Invocations
  3430 | D:6      | Reached ***** piety under Yredelemnul
  3514 | D:6      | Learned a level 3 spell: Regeneration
  3581 | D:7      | Noticed a purple ugly thing
  3589 | D:7      | Killed a purple ugly thing
  3592 | D:7      | Gained mutation: You have hoof-like feet. [mutagenic meat]
  3593 | D:7      | Gained mutation: Your mind is acute. (Int +2) [mutagenic meat]
  3595 | D:7      | Found Zantitij's Gadget Emporium.
  3679 | D:7      | Received a gift from Yredelemnul (4 flying skulls)
  4026 | D:7      | Found a shimmering altar of Xom.
  4127 | D:8      | Reached skill level 6 in Axes
  4129 | D:8      | Reached skill level 5 in Armour
  4146 | D:8      | Noticed Prince Ribbit
  4148 | D:8      | Killed Prince Ribbit
  4148 | D:8      | Reached skill level 7 in Axes
  4148 | D:8      | Reached XP level 10. HP: 73/84 MP: 14/14
  4178 | D:8      | Received a gift from Yredelemnul (a wraith)
  4240 | D:8      | Found a staircase to the Lair.
  4587 | D:9      | Found a shattered altar of Ashenzari.
  4610 | D:9      | Noticed Grum
  4637 | D:9      | Reached skill level 8 in Axes
  4640 | D:9      | Killed Grum
  4715 | D:9      | Noticed a two-headed ogre
  4726 | D:9      | Killed a two-headed ogre
  4777 | D:9      | Found a hazy altar of Hepliaklqana.
  4777 | D:9      | Found a blossoming altar of Fedhas.
  4779 | D:9      | Found a shattered altar of Ashenzari.
  4779 | D:9      | Found a shadowy altar of Dithmenos.
  4781 | D:9      | Found an iron altar of Okawaru.
  4782 | D:9      | Found a white marble altar of Elyvilon.
  4784 | D:9      | Received a gift from Yredelemnul (a wraith)
  4786 | D:9      | Noticed a two-headed ogre
  4793 | D:9      | Noticed Gastronok
  4799 | D:9      | Killed a two-headed ogre
  4799 | D:9      | Reached skill level 9 in Axes
  4799 | D:9      | Reached skill level 1 in Charms
  4799 | D:9      | Reached skill level 1 in Necromancy
  4803 | D:9      | Noticed Erolcha
  4807 | D:9      | Killed Gastronok
  4807 | D:9      | Reached XP level 11. HP: 86/94 MP: 13/16
  4811 | D:9      | Killed Erolcha
  5014 | D:9      | Reached skill level 5 in Dodging
  5016 | D:9      | Noticed a two-headed ogre
  5021 | D:9      | Killed a two-headed ogre
  5078 | D:10     | Entered Level 10 of the Dungeon
  5164 | D:10     | Noticed a red ugly thing
  5174 | D:10     | Killed a red ugly thing
  5321 | D:10     | Received a gift from Yredelemnul (a wraith)
  5353 | D:10     | Noticed a three-headed hydra
  5359 | D:10     | Killed a one-headed hydra
  5359 | D:10     | Reached skill level 10 in Axes
  5418 | D:10     | Killed an unseen horror
  5707 | D:11     | Received a gift from Yredelemnul (4 flying skulls)
  5714 | D:11     | Reached ****** piety under Yredelemnul
  5827 | D:11     | Noticed a manticore
  5846 | D:11     | Killed a manticore
  6079 | D:11     | Noticed a swamp dragon
  6095 | D:11     | Killed a swamp dragon
  6095 | D:11     | Reached XP level 12. HP: 55/103 MP: 18/18
  6292 | D:12     | Received a gift from Yredelemnul (a skeletal warrior)
  6346 | D:12     | Noticed a two-headed ogre
  6352 | D:12     | Killed a two-headed ogre
  6400 | D:12     | Received a gift from Yredelemnul (a phantasmal warrior)
  6402 | D:12     | Noticed Rupert
  6419 | D:12     | Paralysed by an orc sorcerer for 3 turns
  6422 | D:12     | Received a gift from Yredelemnul (4 flying skulls)
  6425 | D:12     | Reached skill level 5 in Necromancy
  6455 | D:12     | Killed Rupert
  6455 | D:12     | Reached skill level 11 in Axes
  6456 | D:12     | Found a staircase to the Orcish Mines.
  6462 | D:12     | Received a gift from Yredelemnul (a wraith)
  6477 | D:12     | Received a gift from Yredelemnul (a skeletal warrior)
  6673 | D:13     | Received a gift from Yredelemnul (a vampire)
  6680 | D:13     | Noticed a centaur warrior
  6689 | D:13     | Reached skill level 5 in Charms
  6692 | D:13     | Killed a centaur warrior
  6721 | D:13     | Learned a level 1 spell: Apportation
  6802 | D:13     | Received a gift from Yredelemnul (a ghoul)
  7211 | D:13     | Reached skill level 5 in Spellcasting
  7211 | D:13     | Received a gift from Yredelemnul (a phantasmal warrior)
  7385 | D:14     | Found an iron altar of Okawaru.
  7394 | D:14     | Reached skill level 12 in Axes
  7406 | D:14     | Reached XP level 13. HP: 69/108 MP: 17/20
  7503 | D:14     | Noticed an eidolon
  7514 | D:14     | Killed an eidolon
  7515 | D:14     | Received a gift from Yredelemnul (a flayed ghost)
  7533 | D:14     | Reached skill level 10 in Invocations
  7637 | D:14     | Reached skill level 13 in Axes
  7867 | D:14     | Found a gate to the Vaults.
  7867 | D:14     | Noticed a vault guard
  7873 | D:14     | Killed a vault guard
  7873 | D:14     | Reached skill level 14 in Axes
  7906 | D:14     | Received a gift from Yredelemnul (a ghoul)
  7929 | D:14     | Noticed an eidolon
  7933 | D:14     | Killed an eidolon
  7997 | D:14     | Noticed an eidolon
  8006 | D:14     | Killed an eidolon
  8128 | D:14     | Reached skill level 15 in Axes
  8128 | D:14     | Received a gift from Yredelemnul (a vampire knight)
  8221 | D:15     | Entered Level 15 of the Dungeon
  8352 | D:15     | Received a gift from Yredelemnul (a bone dragon)
  8390 | D:15     | Noticed Soeti's ghost (adept DsFE)
  8406 | D:15     | Killed Soeti's ghost
  8406 | D:15     | Reached skill level 16 in Axes
  8518 | D:15     | Received a gift from Yredelemnul (a flayed ghost)
  8602 | D:15     | Reached skill level 17 in Axes
  8908 | Orc:1    | Entered Level 1 of the Orcish Mines
  8908 | Orc:1    | Found Leriumu's General Store.
  8926 | Orc:1    | Reached XP level 14. HP: 105/116 MP: 21/21
  8929 | Orc:1    | Noticed an orc warlord
  8943 | Orc:1    | Killed an orc warlord
  8969 | Orc:1    | Found a roughly hewn altar of Beogh.
  9073 | Orc:1    | Received a gift from Yredelemnul (a profane servitor)
  9073 | Orc:1    | Received a gift from Yredelemnul (a phantasmal warrior)
  9244 | Orc:2    | Entered Level 2 of the Orcish Mines
  9293 | Orc:2    | Thaneod: a mówiłeś że to shatter lipne jest
  9302 | Orc:2    | Received a gift from Yredelemnul (a skeletal warrior)
  9305 | Orc:2    | Found a roughly hewn altar of Beogh.
  9395 | Orc:2    | Reached skill level 18 in Axes
  9423 | Orc:2    | Found a roughly hewn altar of Beogh.
  9446 | Orc:2    | Found a roughly hewn altar of Beogh.
  9447 | Orc:2    | Found Emuneogh's Antique Weapon Boutique.
  9564 | Orc:1    | Received a gift from Yredelemnul (a profane servitor)
  9628 | Orc:1    | Noticed Urug
  9639 | Orc:1    | Killed Urug
  9749 | Orc:2    | Received a gift from Yredelemnul (a phantasmal warrior)
  9750 | Orc:2    | Found a roughly hewn altar of Beogh.
  9791 | Orc:2    | Received a gift from Yredelemnul (a skeletal warrior)
  9832 | Orc:2    | Found a roughly hewn altar of Beogh.
  9832 | Orc:2    | Found Zyvauxt's Jewellery Emporium.
  9888 | Orc:2    | Noticed Saint Roka
  9903 | Orc:2    | Killed Saint Roka
  9910 | Orc:2    | Found Jaromum's Antique Armour Shop.
  9913 | Orc:2    | Found a roughly hewn altar of Beogh.
  9914 | Orc:2    | Found Camie's Antique Weapon Boutique.
  9927 | Orc:2    | Bought a pair of embroidered gloves for 210 gold pieces
  9963 | Orc:2    | Bought a glowing battleaxe for 266 gold pieces
 10000 | Orc:2    | Found a roughly hewn altar of Beogh.
 10034 | Orc:2    | Found a staircase to the Elven Halls.
 10093 | Elf:1    | Entered Level 1 of the Elven Halls
 10224 | Elf:1    | Reached skill level 19 in Axes
 10225 | Elf:1    | Received a gift from Yredelemnul (a phantasmal warrior)
 10253 | Elf:1    | Noticed a deep elf sorcerer
 10260 | Elf:1    | Killed a deep elf sorcerer
 10284 | Elf:1    | Noticed a deep elf annihilator
 10293 | Elf:1    | Killed a deep elf annihilator
 10306 | Elf:1    | Identified the Guide on Creative Bewitchment
 10465 | Elf:1    | Noticed Aviak's ghost (adept DrVM)
 10480 | Elf:1    | Killed Aviak's ghost
 10488 | Elf:1    | Reached skill level 20 in Axes
 10490 | Elf:1    | Received a gift from Yredelemnul (a skeletal warrior)
 10793 | Elf:2    | Received a gift from Yredelemnul (a vampire)
 10794 | Elf:2    | Found a flickering gateway to a bazaar.
 10863 | Bazaar   | Entered a bazaar
 10870 | Bazaar   | Found Caugesu's Antique Weapon Shop.
 10878 | Bazaar   | Bought a crude broad axe for 207 gold pieces
 10885 | Bazaar   | Identified the +3 broad axe "Gesten" {chop, MR+} (You bought it in a shop in a bazaar)
 10887 | Bazaar   | Found Botwaeva's Food Boutique.
 10899 | Bazaar   | Found Unluimu's Book Shop.
 10913 | Bazaar   | Found Nejaytit's Food Boutique.
 10940 | Bazaar   | Found Ekual's Food Boutique.
 10952 | Bazaar   | Found Tunyxain's Book Shop.
 11004 | Elf:3    | Entered Level 3 of the Elven Halls
 11119 | Elf:3    | Reached XP level 15. HP: 118/123 MP: 22/22
 11128 | Elf:3    | Received a gift from Yredelemnul (a flayed ghost)
 11136 | Elf:3    | Reached skill level 21 in Axes
 11455 | Elf:3    | Noticed a deep elf elementalist
 11455 | Elf:3    | Noticed a deep elf sorcerer
 11469 | Elf:3    | Killed a deep elf elementalist
 11476 | Elf:3    | Killed a deep elf sorcerer
 11505 | Elf:3    | Reached skill level 22 in Axes
 11516 | Elf:3    | Noticed a deep elf elementalist
 11517 | Elf:3    | Noticed a deep elf master archer
 11519 | Elf:3    | Killed a deep elf elementalist
 11524 | Elf:3    | Killed a deep elf sorcerer
 11530 | Elf:3    | Killed a deep elf master archer
 11552 | Elf:3    | Noticed a deep elf elementalist
 11559 | Elf:3    | Killed a deep elf elementalist
 11648 | Elf:3    | Noticed a deep elf sorcerer
 11667 | Elf:3    | Killed a deep elf sorcerer
 11681 | Elf:3    | Noticed a deep elf elementalist
 11688 | Elf:3    | Noticed a deep elf elementalist
 11694 | Elf:3    | Killed a deep elf elementalist
 11698 | Elf:3    | Killed a deep elf elementalist
 11841 | Elf:3    | Noticed a deep elf elementalist
 11853 | Elf:3    | Killed a deep elf elementalist
 11853 | Elf:3    | Reached skill level 23 in Axes
 11934 | Elf:3    | Noticed a deep elf elementalist
 11942 | Elf:3    | Killed a deep elf elementalist
 11957 | Elf:3    | Received a gift from Yredelemnul (a skeletal warrior)
 11963 | Elf:3    | Got an ancient great sword {slice}
 11964 | Elf:3    | Identified the +8 great sword of Integrity {slice, rC+} (You took it off a deep elf death mage on level 3 of the Elven Halls)
 11966 | Elf:3    | Got a glittering bronze amulet
 12009 | Elf:3    | Noticed a deep elf sorcerer
 12014 | Elf:3    | Killed a deep elf sorcerer
 12015 | Elf:3    | Noticed a deep elf sorcerer
 12018 | Elf:3    | Noticed a deep elf sorcerer
 12018 | Elf:3    | Killed a deep elf sorcerer
 12020 | Elf:3    | Killed a deep elf sorcerer
 12059 | Elf:3    | Noticed a deep elf sorcerer
 12071 | Elf:3    | Killed a deep elf sorcerer
 12075 | Elf:3    | Identified the amulet of Psychosis {Spirit rElec MR+ Str+4} (You took it off a deep elf death mage on level 3 of the Elven Halls)
 12077 | Elf:3    | Got a scintillating platinum amulet
 12173 | Elf:3    | Noticed a deep elf elementalist
 12174 | Elf:3    | Killed a deep elf elementalist
 12174 | Elf:3    | Reached XP level 16. HP: 129/129 MP: 20/23
 12231 | Elf:3    | Got a twisted morningstar {crush}
 12232 | Elf:3    | Identified the +6 morningstar of Zirghische {crush, *Corrode rPois rN+++ SInv} (You took it off a deep elf demonologist on level 3 of the Elven Halls)
 12245 | Elf:3    | Noticed a deep elf blademaster
 12256 | Elf:3    | Killed a deep elf blademaster
 12256 | Elf:3    | Reached skill level 24 in Axes
 12257 | Elf:3    | Received a gift from Yredelemnul (a flayed ghost)
 12263 | Elf:3    | Got scorched ice dragon scales
 12277 | Elf:3    | Noticed a deep elf blademaster
 12283 | Elf:3    | Killed a deep elf blademaster
 12342 | Elf:3    | Noticed a deep elf blademaster
 12350 | Elf:3    | Killed a deep elf blademaster
 12399 | Elf:3    | Got a coiled marble ring
 12401 | Elf:3    | Identified the ring of Tahicax {EV+6 Stlth+} (You took it off a deep elf mage on level 3 of the Elven Halls)
 12403 | Elf:3    | Got a transparent leather armour
 12418 | Elf:3    | Identified the +3 leather armour of the Cricket {rElec rPois MR++} (You took it off a deep elf mage on level 3 of the Elven Halls)
 12428 | Elf:3    | Identified the +11 ice dragon scales of the Desolation of Salt {rF- rC++ rN+ MR+ rCorr Str+2 Dex-4} (You took it off a deep elf blademaster on level 3 of the Elven Halls)
 12436 | Elf:3    | Learned a level 2 spell: Blink
 12456 | Elf:3    | Got an ancient chain mail
 12467 | Elf:3    | Identified the +3 chain mail of the Marlin {rElec rCorr} (You found it on level 3 of the Elven Halls)
 12675 | Elf:2    | Found a runed gate.
 12675 | Elf:2    | Found a runed gate.
 12675 | Elf:2    | Found a runed gate.
 12678 | Elf:2    | Identified the amulet "Ciequx" {Harm *Drain rPois} (You took it off a deep elf sorcerer on level 3 of the Elven Halls)
 12697 | Elf:2    | Noticed Asterion
 12715 | Elf:2    | Killed Asterion
 12788 | Elf:2    | Reached skill level 1 in Shields
 12793 | Elf:2    | Received a gift from Yredelemnul (a phantasmal warrior)
 12969 | Elf:2    | Received a gift from Yredelemnul (a flayed ghost)
 13332 | Orc:1    | Bought 2 potions of cancellation for 240 gold pieces
 13440 | Lair:1   | Entered Level 1 of the Lair of Beasts
 13463 | Lair:1   | Reached skill level 10 in Armour
 13473 | Lair:1   | Found a labyrinth entrance.
 13497 | Lab      | Entered a labyrinth
 13514 | Lab      | Received a gift from Yredelemnul (a skeletal warrior)
 13599 | Lab      | Learned a level 2 spell: Swiftness
 13600 | Lab      | Got a shimmering ivory ring
 13602 | Lab      | Identified the ring "Ehetzyir" {rF+ rC+ MR- Str+4 Dex+4} (You found it in a labyrinth)
 13647 | Lair:1   | Reached skill level 5 in Shields
 14003 | Lair:2   | Noticed Sonja
 14068 | Lair:2   | Killed Sonja
 14154 | Lair:2   | Received a gift from Yredelemnul (a phantasmal warrior)
 14256 | Lair:3   | Found a staircase to the Snake Pit.
 14265 | Lair:3   | Got a pitted broad axe
 14378 | Lair:6   | Entered Level 6 of the Lair of Beasts
 14525 | Lair:6   | Found a staircase to the Slime Pits.
 14525 | Lair:6   | Found a viscous altar of Jiyva.
 14625 | Lair:6   | Reached XP level 17. HP: 78/136 MP: 6/24
 14757 | Lair:6   | Found a runed door.
 14835 | Lair:6   | Paralysed by a hornet for 3 turns
 15022 | Lair:6   | Reached skill level 15 in Armour
 15103 | Lair:6   | Received a gift from Yredelemnul (a phantasmal warrior)
 15405 | Lair:4   | Received a gift from Yredelemnul (a ghoul)
 15641 | Lair:4   | Received a gift from Yredelemnul (a vampire)
 15795 | Lair:3   | Got bronze ice dragon scales
 15839 | Lair:3   | Found a staircase to the Swamp.
 15886 | Swamp:1  | Entered Level 1 of the Swamp
 15993 | Swamp:1  | Received a gift from Yredelemnul (a vampire)
 15999 | Swamp:1  | Identified the +3 ice dragon scales of Happiness {rF- rC++ Int+3 SInv} (You found it on level 3 of the Lair of Beasts)
 16130 | Swamp:1  | Identified a scroll of acquirement
 16131 | Swamp:1  | Got a faintly glowing crystal plate armour
 16153 | Swamp:1  | Received a gift from Yredelemnul (a phantasmal warrior)
 16230 | Swamp:1  | Identified the +10 crystal plate armour of Taz Jeits {MR+} (You acquired it on level 1 of the Swamp)
 16260 | Swamp:2  | Received a gift from Yredelemnul (a vampire knight)
 16271 | Swamp:2  | Received a gift from Yredelemnul (a vampire knight)
 16399 | Swamp:3  | Received a gift from Yredelemnul (a phantasmal warrior)
 16635 | Swamp:2  | Received a gift from Yredelemnul (a flayed ghost)
 16928 | Swamp:4  | Entered Level 4 of the Swamp
 16970 | Swamp:4  | Upgraded the game from 0.21-a0-522-ga8338f0 to 0.21-a0-525-ga34b322
 17011 | Swamp:4  | Received a gift from Yredelemnul (a vampire knight)
 17015 | Swamp:4  | Noticed Jorgrun
 17033 | Swamp:4  | Killed Jorgrun
 17040 | Swamp:4  | Reached XP level 18. HP: 70/146 MP: 16/25
 17043 | Swamp:4  | Received a gift from Yredelemnul (a vampire knight)
 17045 | Swamp:4  | Reached skill level 10 in Fighting
 17080 | Swamp:4  | Received a gift from Yredelemnul (a vampire)
 17109 | Swamp:4  | Noticed Donald
 17131 | Swamp:4  | Killed Donald
 17168 | Swamp:4  | Noticed the 27-headed Lernaean hydra
 17177 | Swamp:4  | Killed the 27-headed Lernaean hydra
 17184 | Swamp:4  | Got a decaying rune of Zot
 17211 | Swamp:4  | Identified the cursed +1 broad axe of Conformity {drain, rPois Str+2} (You found it on level 3 of the Lair of Beasts)
 17503 | Snake:1  | Entered Level 1 of the Snake Pit
 17514 | Snake:1  | Received a gift from Yredelemnul (a flayed ghost)
 17642 | Snake:1  | Received a gift from Yredelemnul (a profane servitor)
 18201 | Snake:1  | Received a gift from Yredelemnul (a vampire knight)
 18367 | Snake:1  | Received a gift from Yredelemnul (a phantasmal warrior)
 18464 | Snake:1  | Received a gift from Yredelemnul (a vampire knight)
 18637 | Snake:2  | Reached skill level 15 in Fighting
 18726 | Snake:3  | Received a gift from Yredelemnul (a vampire knight)
 18741 | Snake:3  | Found Vadeq's Gadget Shoppe.
 18741 | Snake:3  | Found Onyd's Jewellery Boutique.
 18743 | Snake:3  | Found Repriynua's Jewellery Boutique.
 18885 | Snake:3  | Reached XP level 19. HP: 172/172 MP: 26/26
 18885 | Snake:3  | Received a gift from Yredelemnul (a skeletal warrior)
 19027 | Snake:2  | You fall through a shaft!
 19170 | Snake:3  | Found a runed door.
 19196 | Snake:3  | Received a gift from Yredelemnul (a ghoul)
 19282 | Snake:4  | Entered Level 4 of the Snake Pit
 19327 | Snake:4  | Noticed Agnes
 19331 | Snake:4  | Found Icidoin's Jewellery Emporium.
 19344 | Snake:4  | Killed Agnes
 19348 | Snake:4  | Received a gift from Yredelemnul (a vampire)
 19362 | Snake:4  | Noticed Vashnia
 19414 | Snake:4  | Killed Vashnia
 19462 | Snake:4  | Noticed Roxanne
 19842 | Snake:4  | Received a gift from Yredelemnul (a ghoul)
 19931 | Snake:4  | Received a gift from Yredelemnul (a vampire)
 19953 | Snake:4  | Got a serpentine rune of Zot
 20212 | Slime:1  | Entered Level 1 of the Pits of Slime
 20242 | Lair:6   | Received a gift from Yredelemnul (a phantasmal warrior)
 20271 | Slime:1  | Reached XP level 20. HP: 193/193 MP: 27/27
 20348 | Slime:1  | Received a gift from Yredelemnul (a ghoul)
 20378 | Slime:2  | Received a gift from Yredelemnul (a skeletal warrior)
 20487 | Slime:3  | Received a gift from Yredelemnul (a skeletal warrior)
 20575 | Slime:5  | Entered Level 5 of the Pits of Slime
 20670 | Slime:5  | Noticed the Royal Jelly
 20686 | Slime:5  | Killed the Royal Jelly
 20735 | Slime:5  | Vidiiot: This is the first time I've seen TRJ killedl ike that :P
 20736 | Slime:5  | Found the +8 Wrath of Trog {antimagic, *Rage}
 20740 | Slime:5  | Found the +10 morningstar "Eos" {elec, Halo rElec}
 20741 | Slime:5  | Vidiiot: Usually the allies die to the slimes on M:1
 20741 | Slime:5  | Received a gift from Yredelemnul (a ghoul)
 20748 | Slime:5  | Gained mutation: Scrolls take you a little longer to read. [a shining eye]
 20749 | Slime:5  | :(
 20777 | Slime:5  | Identified the amulet "Vaot" {rC+ rN+ Regen+ Str-4 Int+6} (You found it on level 5 of the Pits of Slime)
 20787 | Slime:5  | Identified the +1 battleaxe "Veloer" {flame, *Slow rPois Str-4 Dex+8} (You found it on level 5 of the Pits of Slime)
 20798 | Slime:5  | Got a slimy rune of Zot
 20820 | Slime:5  | Identified the ring "Imazxeq" {Ice rPois} (You found it on level 5 of the Pits of Slime)
 20831 | Slime:5  | Identified the ring of Mytanat {Dex+2 Stlth+} (You found it on level 5 of the Pits of Slime)
 20847 | Slime:5  | Identified the ring "Vaiti" {rCorr *Contam rF+ Dex+4} (You found it on level 5 of the Pits of Slime)
 20868 | Slime:5  | Identified Durghe's Catalogue of the Cloudy Entourage
 21300 | D:15     | Found a staircase to the Depths.
 21310 | Depths:1 | Entered Level 1 of the Depths
 21380 | Depths:1 | Noticed the Enchantress
 21456 | Depths:1 | Killed the Enchantress
 21502 | Depths:1 | Got faerie dragon scales
 21514 | Depths:1 | Identified the +0 faerie dragon scales {rCorr Str+6 SInv} (You took it off the Enchantress on level 1 of the Depths)
 21677 | Depths:1 | Received a gift from Yredelemnul (a vampire)
 21765 | Depths:1 | Found Vodgh's Armour Shoppe.
 21776 | Depths:1 | Bought a +1 pair of gloves of strength for 198 gold pieces
 21954 | Depths:1 | Reached XP level 21. HP: 211/211 MP: 28/28
 22111 | Depths:1 | Found a gateway to Hell.
 22184 | Depths:2 | Noticed Bai Suzhen
 22219 | Depths:2 | Killed Bai Suzhen
 22323 | Depths:2 | Received a gift from Yredelemnul (a skeletal warrior)
 22550 | Depths:2 | Found a gateway to a ziggurat.
 22742 | Depths:2 | Reached skill level 15 in Invocations
 22764 | Depths:2 | Received a gift from Yredelemnul (a flayed ghost)
 22864 | Depths:2 | Received a gift from Yredelemnul (a ghoul)
 23091 | Depths:3 | Received a gift from Yredelemnul (a phantasmal warrior)
 23097 | Depths:3 | Found a transporter.
 23116 | Depths:3 | Noticed a caustic shrike
 23131 | Depths:3 | Killed a caustic shrike
 23147 | Depths:3 | 4thArraOfDagon: horrible lags
 23148 | Depths:3 | Found a transporter.
 23171 | Depths:3 | p0werm0de: !doom zkyp
 23173 | Depths:3 | beem: p0werm0de unleashes a terrible howl, and it begins to echo in zkyp's mind! The p0werm0de bites zkyp!!! x4
 23209 | Depths:3 | Identified the ring "Ikagh" {rN+ Stlth-} (You found it on level 3 of the Depths)
 23295 | Depths:3 | Reached XP level 22. HP: 220/220 MP: 34/34
 23329 | Depths:3 | Noticed Sojobo
 23342 | Depths:3 | Received a gift from Yredelemnul (a ghoul)
 23370 | Depths:3 | Killed Sojobo
 23542 | Depths:3 | Identified the Almanac of Stones
 23554 | Depths:3 | Learned a level 9 spell: Shatter
 23557 | Depths:3 | Learned a level 2 spell: Passwall
 23596 | Depths:4 | p0werm0de: hope is only you !! ill go RT speedrun nao !! ;D gl
 23596 | Depths:4 | p0werm0de: nice the ring lvl
 23596 | Depths:4 | p0werm0de: ok ill stay for this map
 23596 | Depths:4 | p0werm0de: curiosity
 23626 | Depths:4 | Noticed a golden dragon
 23631 | Depths:4 | p0werm0de: nice ammy
 23638 | Depths:4 | Killed a golden dragon
 23760 | Depths:4 | Noticed Margery
 23777 | Depths:4 | Received a gift from Yredelemnul (a flayed ghost)
 23778 | Depths:4 | Killed Margery
 23814 | Depths:4 | Found Mauphots's Antique Armour Emporium.
 23826 | Depths:4 | Bought a heavily runed plate armour for 672 gold pieces
 23826 | Depths:4 | Bought a fine cloak for 228 gold pieces
 23828 | Depths:4 | Identified the +2 cloak of Nihilism {-Cast rPois Str+5 Stlth+} (You bought it in a shop on level 4 of the Depths)
 23830 | Depths:4 | Identified the +5 plate armour "Syit" {-Cast rCorr Int+4 Dex+4} (You bought it in a shop on level 4 of the Depths)
 23852 | Depths:4 | Got an ichor-stained plate armour
 23943 | Depths:4 | Received a gift from Yredelemnul (a ghoul)
 23953 | Depths:4 | Got a sparkling jade ring
 23955 | Depths:4 | Identified the cursed ring of Noxer {MR- Int+3 Dex-4 SInv} (You found it on level 4 of the Depths)
 24054 | Depths:4 | Found a one-way gate to the infinite horrors of the Abyss.
 24109 | Depths:4 | Identified the +7 plate armour "Kothece" {-Cast rC++ MP+9} (You found it on level 4 of the Depths)
 24130 | Depths:4 | p0werm0de: more -cast pls
 24179 | Depths:4 | Received a gift from Yredelemnul (a vampire knight)
 24207 | Depths:4 | Got a translucent hat
 24215 | Depths:4 | Found Monyosae's Distillery.
 24228 | Depths:4 | Bought a potion of mutation for 120 gold pieces
 24228 | Depths:4 | Bought a potion of haste for 150 gold pieces
 24228 | Depths:4 | Bought a potion of ambrosia for 120 gold pieces
 24228 | Depths:4 | Bought a potion of mutation for 120 gold pieces
 24228 | Depths:4 | Bought a potion of cancellation for 120 gold pieces
 24228 | Depths:4 | Bought a potion of agility for 60 gold pieces
 24238 | Depths:4 | Learned a level 8 spell: Controlled Blink
 24284 | Depths:4 | Identified the -7 hat of Mezcal {rElec Dex+2 SInv} (You acquired it on level 4 of the Depths)
 24295 | Depths:4 | Got a steaming golden ring
 24297 | Depths:4 | Identified the cursed ring "Gapyuzoo" {rN+ MR+ Int-5 Dex+2} (You found it on level 4 of the Depths)
 24409 | Depths:4 | Noticed a caustic shrike
 24423 | Depths:4 | Killed a caustic shrike
 24491 | Depths:4 | Received a gift from Yredelemnul (a profane servitor)
 24594 | Depths:4 | Got a faintly glowing silver ring
 24597 | Depths:4 | Identified the ring of Eraiziol {MP+9 Int+3 SInv} (You took it off a vampire knight on level 4 of the Depths)
 24626 | Depths:4 | p0werm0de: unlucky
 24643 | Depths:5 | Entered Level 5 of the Depths
 24656 | Depths:5 | Reached XP level 23. HP: 226/226 MP: 38/38
 24700 | Depths:5 | Received a gift from Yredelemnul (a ghoul)
 24776 | Depths:5 | Found a gate to the Realm of Zot.
 24808 | Depths:5 | Noticed a juggernaut
 24830 | Depths:5 | Killed a juggernaut
 24965 | Depths:5 | Found a flickering gateway to a bazaar.
 24987 | Bazaar   | Entered a bazaar
 24987 | Bazaar   | Found Mugestiu's Antique Weapon Shop.
 24994 | Bazaar   | Bought a pitted battleaxe for 207 gold pieces
 25001 | Bazaar   | Found Gorashryboi's General Store.
 25021 | Bazaar   | Found Hamyvyzo's Antique Armour Shop.
 25029 | Bazaar   | Bought a pair of glowing boots for 97 gold pieces
 25029 | Bazaar   | Bought an embroidered cloak for 97 gold pieces
 25052 | Bazaar   | Identified a +1 pair of boots of running (You bought it in a shop in a bazaar)
 25251 | Zig:1    | Entered Level 1 of a ziggurat
 25263 | Zig:1    | Received a gift from Yredelemnul (a ghoul)
 25268 | Zig:2    | Entered Level 2 of a ziggurat
 25285 | Zig:3    | Entered Level 3 of a ziggurat
 25308 | Zig:3    | Identified Sif Muna's Handbook of Companions and Stones
 25315 | Zig:3    | Learned a level 5 spell: Lee's Rapid Deconstruction
 25317 | Zig:4    | Entered Level 4 of a ziggurat
 25351 | Zig:5    | Entered Level 5 of a ziggurat
 25352 | Zig:5    | Noticed a shard shrike
 25352 | Zig:5    | Noticed a shard shrike
 25359 | Zig:5    | Killed a shard shrike
 25363 | Zig:5    | Received a gift from Yredelemnul (a vampire knight)
 25366 | Zig:5    | Killed a shard shrike
 25417 | Zig:6    | Entered Level 6 of a ziggurat
 25515 | Zig:6    | Identified the Compendium of Harmful Calling
 25524 | Zig:7    | Entered Level 7 of a ziggurat
 25588 | Zig:7    | Received a gift from Yredelemnul (a vampire knight)
 25597 | Zig:7    | Paralysed by accursed screaming for 1 turns
 25627 | Zig:8    | Entered Level 8 of a ziggurat
 25723 | Zig:9    | Entered Level 9 of a ziggurat
 25738 | Zig:9    | Noticed Sewuod the pandemonium lord
 25864 | Vaults:1 | Entered Level 1 of the Vaults
 25894 | Vaults:1 | Received a gift from Yredelemnul (a flayed ghost)
 25904 | Vaults:1 | Reached skill level 1 in Translocations
 25960 | Vaults:1 | Identified the cursed +1 battleaxe of Freehold {chop, Int+3} (You bought it in a shop in a bazaar)
 26136 | Vaults:1 | Received a gift from Yredelemnul (a ghoul)
 26428 | Vaults:2 | Reached XP level 24. HP: 208/231 MP: 38/39
 26798 | Vaults:2 | Reached skill level 5 in Translocations
 26922 | Vaults:2 | Received a gift from Yredelemnul (a phantasmal warrior)
 27079 | Vaults:3 | Found Edehogud's Assorted Antiques.
 27080 | Vaults:3 | Found Ymutot's Food Shop.
 27093 | Vaults:3 | Bought a scroll of teleportation for 126 gold pieces
 27093 | Vaults:3 | Bought a potion of heal wounds for 210 gold pieces
 27360 | Vaults:3 | Found a staircase to the Crypt.
 27373 | Vaults:3 | Received a gift from Yredelemnul (a phantasmal warrior)
 27496 | Vaults:3 | Found Hayrouja's Gadget Boutique.
 27665 | Vaults:4 | Noticed Xtahua
 27685 | Vaults:4 | Killed Xtahua
 27685 | Vaults:4 | Enslaved Xtahua
 27749 | Vaults:4 | Received a gift from Yredelemnul (a flayed ghost)
 27838 | Vaults:4 | Received a gift from Yredelemnul (a ghoul)
 27925 | Vaults:4 | Paralysed by a Zot trap for 5 turns
 28206 | Vaults:5 | Entered Level 5 of the Vaults
 28215 | Vaults:5 | Reached skill level 10 in Translocations
 28221 | Vaults:5 | Received a gift from Yredelemnul (a skeletal warrior)
 28221 | Vaults:5 | Received a gift from Yredelemnul (a phantasmal warrior)
 28228 | Vaults:5 | Reached XP level 25. HP: 238/239 MP: 39/39
 28255 | Vaults:4 | Received a gift from Yredelemnul (a phantasmal warrior)
 28413 | Vaults:5 | Received a gift from Yredelemnul (a vampire knight)
 28638 | Vaults:5 | Reached skill level 10 in Spellcasting
 28830 | Vaults:5 | Found Epleny's Jewellery Emporium.
 28842 | Vaults:5 | Received a gift from Yredelemnul (a vampire)
 28862 | Vaults:5 | Got a silver rune of Zot
 28871 | Vaults:5 | Got an ancient helmet
 28925 | Vaults:5 | Found Kinexifo's Jewellery Shoppe.
 28931 | Vaults:5 | Noticed an ancient lich
 28957 | Vaults:5 | Reached XP level 26. HP: 71/246 MP: 37/39
 29006 | Vaults:5 | Killed an ancient lich
 29228 | Vaults:5 | Found Saexom's General Store.
 29234 | Vaults:5 | Bought a scroll of teleportation for 63 gold pieces
 29234 | Vaults:5 | Bought a scroll of blinking for 157 gold pieces
 29234 | Vaults:5 | Bought a potion of magic for 168 gold pieces
 29380 | Vaults:4 | Received a gift from Yredelemnul (a vampire knight)
 29461 | Vaults:4 | Identified the cursed +0 helmet of Edeecur {Int+7 Dex+6} (You found it on level 5 of the Vaults)
 29483 | Vaults:4 | Found the +1 cloak of Starlight {rElec rC+ EV+4 Stlth--}
 29709 | Crypt:1  | Entered Level 1 of the Crypt
 29727 | Crypt:1  | Noticed Jory
 29727 | Crypt:1  | Received a gift from Yredelemnul (a phantasmal warrior)
 29744 | Crypt:1  | Killed Jory
 30081 | Crypt:3  | Entered Level 3 of the Crypt
 30164 | Crypt:2  | Received a gift from Yredelemnul (a flayed ghost)
 30166 | Crypt:2  | Paralysed by a vampire knight for 5 turns
 30179 | Crypt:2  | Reached skill level 15 in Translocations
 30183 | Crypt:2  | Paralysed by a vampire knight for 5 turns
 30325 | Crypt:3  | Received a gift from Yredelemnul (a vampire)
 30584 | Crypt:3  | Learned a level 3 spell: Spectral Weapon
 30858 | Crypt:3  | Found a staircase to the Tomb.
 30860 | Crypt:3  | Noticed an ancient lich
 30872 | Crypt:3  | Killed an ancient lich
 30872 | Crypt:3  | Reached skill level 25 in Axes
 30891 | Crypt:3  | Noticed an ancient lich
 30901 | Crypt:3  | Killed an ancient lich
 31014 | Crypt:3  | Received a gift from Yredelemnul (a vampire knight)
 31134 | Crypt:3  | Reached XP level 27. HP: 244/257 MP: 39/39
 31364 | Tomb:1   | Entered Level 1 of the Tomb of the Ancients
 31527 | Tomb:1   | Received a gift from Yredelemnul (a skeletal warrior)
 31934 | Tomb:1   | Received a gift from Yredelemnul (a vampire)
 32111 | Tomb:2   | Noticed Khufu
 32111 | Tomb:2   | Noticed a greater mummy
 32113 | Tomb:2   | Noticed a greater mummy
 32113 | Tomb:2   | Noticed a greater mummy
 32113 | Tomb:2   | Noticed a greater mummy
 32131 | Tomb:2   | Received a gift from Yredelemnul (a vampire)
 32167 | Tomb:2   | Noticed a greater mummy
 32191 | Tomb:1   | Killed a greater mummy
 32250 | Tomb:2   | Noticed a greater mummy
 32280 | Tomb:2   | Received a gift from Yredelemnul (a skeletal warrior)
 32280 | Tomb:2   | Received a gift from Yredelemnul (a vampire)
 32305 | Tomb:2   | HP: 11/253 [golden dragon simulacrum[a mummy priest] (12)]
 32305 | Tomb:2   | HP: 1/253 [golden dragon simulacrum[a mummy priest] (10)]
 32306 | Tomb:2   | Slain by a phantasmal warrior

Vault maps used:
D:1:      onia_arrival_larder, dk_noncrumbling_4, grunt_decor_one_mirror
D:2:      wad_lake_hut, first_bread
D:4:      grunt_temple_overflow_gold_and_silver, temple_hall, led_xom_imps
D:5:      gup_sewer_entry_bowl
D:6:      old_standard_altar
D:7:      overflow_temple_1_default, serial_shops, shop
D:8:      dpeg_oklobed_lair, uniq_prince_ribbit1
D:9:      wad_cavern_with_rooms, grunt_temple_overflow_open,
          cheibrodos_ashenzari_chains, uniq_erolcha, uniq_gastronok, uniq_grum
D:10:     hangedman_ranch
D:12:     zombieorc2_lemuel, uniq_rupert
D:14:     hangedman_screamer, david_vaults_5, okawaru_ov_weapons_minmay,
          minmay_misc_feat_room, minivault_20, minivault_4
D:15:     gammafunk_enter_depths_forms, st_stairs_1
Temple:   nicolae_temple_x_marks_the_god
Lair:1:   lab_entry_generic
Lair:2:   kennysheep_rathole, infiniplex_staircase_pool, uniq_sonja
Lair:3:   kb_forest_paths, swamp_mist_pool, dummy_snake_entry,
          bobbens_dragon_lair_wall
Lair:4:   beast_lair_carwin_large_4, serial_bayou_shore_b, grunt_megastairs_2
Lair:5:   basic_altar
Lair:6:   guppyfry_lair_end_dragon, wormcave, slime_altar_1, st_stairs_11,
          grunt_forest_large_clearing_hut
Swamp:1:  nicolae_swamp_fairy_circle, uniq_aizul
Swamp:2:  evilmike_swamp_ruin_house_1, swamp_pool1, grunt_witch_cave
Swamp:3:  evilmike_swamp_ruin_house_4, swamp_pool2, cheibrodos_swamp_minitomb,
          uniq_nikola
Swamp:4:  grunt_swamp_rune_castle, uniq_mara, uniq_jorgrun, uniq_donald
Snake:1:  kennysheep_snake, guppyfry_library_mini
Snake:2:  grunt_megastairs_5, lemuel_fruit_tree
Snake:3:  cheibrodos_toxic_ritual, minmay_shop_grove, serial_bayou_shore_a
Snake:4:  snake_pit, serial_shops, shop, hangedman_corner_corridor,
          uniq_roxanne, uniq_agnes, uniq_vashnia
Slime:1:  cheibrodos_slime_lost_civilization_5
Slime:2:  cheibrodos_slime_lost_civilization_4
Slime:3:  cheibrodos_slime_lost_civilization_7
Slime:4:  uniq_dissolution
Orc:1:    basic_altar, serial_shops, shop, uniq_urug
Orc:2:    grunt_orc_community_town_hall, grunt_orc_community_big_house_1,
          grunt_orc_community_big_house_1, grunt_orc_community_house_2,
          grunt_orc_community_house_1, grunt_orc_community_house_1,
          grunt_orc_community_house_1, grunt_orc_community_house_3
Elf:1:    hangedman_elf_represent, minivault_19
Elf:2:    serial_shops, bzr_entry_lakeside, minmay_misc_feat_columns,
          uniq_asterion
Elf:3:    minmay_elf_hall_four_x
Vaults:1: ontoclasm_vaults_twist, nicolae_vaults_shelves_hall,
          hangedman_vaults_slither, hangedman_vaults_corner, vaults_room_pools,
          nicolae_vaults_hallways_thing, nicolae_vaults_shelves_hall,
          v_alt_pattern_3, nicolae_vaults_windows_and_doors_thing,
          nicolae_vaults_little_squares_3, nicolae_vaults_yaktaur_gun_rack,
          vaults_room_fours, serial_shops, shop
Vaults:2: nicolae_vaults_quartermaster, v_misc_15, vaults_mumra_hex,
          grunt_vaults_funnel, ontoclasm_vaults_shuriken,
          vaults_room_grunt_arrival_checkpoint, vaults_room_stairs_pillars,
          vaults_standard_mumra_enter_the_diamond, v_pattern_3
Vaults:3: nicolae_vaults_network_star, v_misc_11, hangedman_vaults_unwind,
          minmay_crypt_entry_simple_round, v_alt_pattern_6,
          hangedman_vaults_slice, grunt_vaults_twisty, v_misc_22,
          vaults_mumra_chevron_long, v_alt_pattern_1,
          nicolae_vaults_statue_guard, vaults_room_pools, v_alt_pattern_1,
          serial_shops, shop, shop_coins, shop, nicolae_shop_crystal
Vaults:4: nicolae_vaults_angled_halls, nicolae_vaults_ring_of_whatevers,
          nicolae_vaults_ninety_degrees, stair_cage_open,
          nicolae_vaults_network_quincunx,
          vaults_standard_mumra_enter_the_diamond, grunt_vaults_focal,
          nicolae_vaults_border_crossing, nicolae_vaults_halls_meeting,
          v_misc_18, ontoclasm_vaults_ring_large, vaults_room_pool, uniq_xtahua
Vaults:5: serial_shops
Crypt:1:  uniq_jory
Crypt:3:  quadcrypt_mu
Tomb:2:   uniq_khufu
Depths:1: serial_shops, shop, hell_entry, hangedman_abyss_or_decor_clamps,
          water_maze_lemuel, uniq_saint_roka, uniq_enchantress
Depths:2: minmay_the_grid_3x3, enter_ziggurat_e, serial_bayou_lagoon_a,
          hell_entry, rand_demon_pan_entry_8, minmay_evil_grid, uniq_bai_suzhen
Depths:3: gammafunk_the_bubble, grunt_pan_entry_zigzag, grunt_hell_entry_dis_mu,
          corexii_hall_statues_s, minmay_misc_feat_more_columns,
          hangedman_research_geology, uniq_sojobo
Depths:4: hangedman_spin_cycle, abyss_entry, hell_entry
Depths:5: evilmike_zot_entry_diamond, hell_entry, serial_shops, bzr_entry_gold,
          infiniplex_staircase_pool_lava
Zig:9:    ziggurat_pillar_centre_oklobs
Lab:      labyrinth_spiral, nicolae_lab_starburst, labyrinth_glass_1
Bazaar:   bazaar_minmay_snake, bazaar_jpeg_cross
Sewer:    sewer_fruit_machine

Skill      XL: |  1  2  3  4  5  6  7  8  9 10 11 12 13 14 15 16 17 18 19 20 21 22 23 24 25 26 27 |
---------------+----------------------------------------------------------------------------------+-----
Fighting       | 2 3 4 5 6 7 8 9 15 19 23 | 23.0
Axes           | 2 5 7 9 10 12 17 20 23 24 25 | 25.6
Maces & Flails | 3 4 5 7 8 |  8.0
Armour         | 1 2 3 5 6 7 13 18 | 18.1
Invocations    | 1 3 4 6 7 8 9 10 17 22 24 | 24.9
Dodging        | 2 4 5 |  5.3
Charms         | 1 3 5 |  5.7
Necromancy     | 2 4 6 |  6.5
Spellcasting   | 2 3 5 8 10 11 12 | 12.2
Shields        | 5 |  5.2
Translocations | 4 10 13 15 16 | 16.2
Short Blades   | |  1.0
Stealth        | |  2.4
Hexes          | |  3.0

Action                   |  1- 3 |  4- 6 |  7- 9 | 10-12 | 13-15 | 16-18 | 19-21 | 22-24 | 25-27 || total
-------------------------+-------+-------+-------+-------+-------+-------+-------+-------+-------++-------
Melee: Dagger            |    37 |    12 |       |    10 |       |       |       |       |       ||    59
       Shillelagh        |       |    47 |   255 |   292 |   117 |       |       |       |       ||   711
       Kick              |       |       |     7 |   119 |   101 |       |       |       |       ||   227
       Hand axe          |       |       |       |    43 |       |       |       |       |       ||    43
       War axe           |       |       |       |   154 |   249 |       |       |       |       ||   403
       Battleaxe         |       |       |       |       |    91 |       |       |       |       ||    91
       Broad axe         |       |       |       |       |   150 |  1405 |  1439 |  1599 |  1022 ||  5615
       Executioner's axe |       |       |       |       |       |       |       |       |   460 ||   460
Throw: Throwing net      |       |       |       |     2 |       |       |       |       |       ||     2
 Cast: Corona            |     5 |       |       |       |       |       |       |       |       ||     5
       Ensorcelled Hiber |     2 |     6 |       |       |       |       |       |       |       ||     8
       Regeneration      |       |       |       |     1 |     1 |       |       |    30 |    56 ||    88
       Apportation       |       |       |       |       |       |       |       |     2 |    14 ||    16
       Spectral Weapon   |       |       |       |       |       |       |       |       |     2 ||     2
Invok: Recall Undead Sla |       |       |       |     2 |    10 |     5 |     4 |       |     1 ||    22
       Stop Recall       |       |       |       |       |     8 |     1 |       |       |     1 ||    10
       Drain Life        |       |       |       |       |    14 |    12 |    13 |     8 |     5 ||    52
       Enslave Soul      |       |       |       |       |       |       |       |     1 |       ||     1
Evoke: Wand              |     5 |    13 |       |     3 |       |     2 |       |       |     2 ||    25
       Box of beasts     |       |       |       |       |       |       |     1 |       |       ||     1
       Lamp of fire      |       |       |       |       |       |       |     1 |       |     1 ||     2
       Lightning rod     |       |       |       |       |       |       |       |       |     2 ||     2
  Use: Scroll            |     8 |       |     3 |     5 |     7 |    35 |    14 |    14 |    11 ||    97
       Potion            |       |     1 |     2 |       |     5 |       |     8 |     3 |     7 ||    26
 Stab: Sleeping          |     6 |     4 |     1 |       |       |     5 |       |     3 |       ||    19
       Paralysed         |     2 |    15 |       |       |     4 |     1 |       |       |     1 ||    23
       Distracted        |       |     1 |       |     1 |     2 |     7 |     6 |    13 |     6 ||    36
       Invisible         |       |       |     3 |       |       |       |       |       |       ||     3
       Held in net/web   |       |       |       |     1 |       |       |       |       |       ||     1
       Confused          |       |       |       |       |       |     1 |       |       |       ||     1
  Eat: Chunk             |       |     3 |    18 |     9 |    10 |    14 |     7 |     4 |     3 ||    68
       Fruit             |       |       |       |    10 |       |     5 |     5 |     6 |     1 ||    27
       Royal jelly       |       |       |       |       |     8 |     2 |     2 |     5 |     4 ||    21
       Meat ration       |       |       |       |       |       |     1 |       |       |     1 ||     2
       Bread ration      |       |       |       |       |       |       |     1 |     1 |     3 ||     5
Armor: Robe              |     6 |     8 |       |       |       |       |       |       |       ||    14
       Ring mail         |       |       |   100 |   216 |    54 |       |       |       |       ||   370
       Troll leather arm |       |       |       |       |    68 |       |       |       |       ||    68
       Plate armour      |       |       |       |       |   120 |    13 |       |       |       ||   133
       Ice dragon scales |       |       |       |       |       |   931 |   964 |  1037 |   938 ||  3870
       Skin              |       |       |       |       |       |       |       |    35 |     5 ||    40
Dodge: Dodged            |    23 |    50 |   148 |   247 |   232 |   986 |   901 |  1149 |   978 ||  4714
Block: Shield            |       |       |       |       |       |   663 |   392 |       |       ||  1055
       Buckler           |       |       |       |       |       |       |   165 |   322 |   210 ||   697

Table legend:
 A = Spawn XP
 B = Non-spawn XP
 C = Spawn XP percentage of total XP
 D = Spawn monster count
 E = Non-spawn monster count
 F = Spawn count percentage of total count
 G = Total turns spent on level
                    A         B        C        D         E        F      G
               +---------+---------+-------+---------+---------+-------+---------
         Total |       0 | 1316847 |   0.0 |       0 |    2481 |   0.0 | 32306
               +---------+---------+-------+---------+---------+-------+---------
           D:1 |       0 |      48 |   0.0 |       0 |      24 |   0.0 |   536
           D:2 |       0 |      75 |   0.0 |       0 |      22 |   0.0 |   564
           D:3 |       0 |     375 |   0.0 |       0 |      28 |   0.0 |   555
           D:4 |       0 |     560 |   0.0 |       0 |      14 |   0.0 |   670
           D:5 |       0 |     214 |   0.0 |       0 |      12 |   0.0 |   482
           D:6 |       0 |    1285 |   0.0 |       0 |      44 |   0.0 |   501
           D:7 |       0 |    1012 |   0.0 |       0 |       9 |   0.0 |   428
           D:8 |       0 |    1325 |   0.0 |       0 |      41 |   0.0 |   518
           D:9 |       0 |    6340 |   0.0 |       0 |      29 |   0.0 |   613
          D:10 |       0 |    3918 |   0.0 |       0 |      34 |   0.0 |   700
          D:11 |       0 |    3076 |   0.0 |       0 |      23 |   0.0 |   497
          D:12 |       0 |    5041 |   0.0 |       0 |      65 |   0.0 |   562
          D:13 |       0 |    5925 |   0.0 |       0 |      30 |   0.0 |   641
          D:14 |       0 |   15072 |   0.0 |       0 |      56 |   0.0 |  1002
          D:15 |       0 |   13153 |   0.0 |       0 |      42 |   0.0 |   738
        Lair:1 |       0 |    2676 |   0.0 |       0 |      11 |   0.0 |   328
        Lair:2 |       0 |    6314 |   0.0 |       0 |      35 |   0.0 |   409
        Lair:3 |       0 |    7211 |   0.0 |       0 |      35 |   0.0 |   469
        Lair:4 |       0 |    6080 |   0.0 |       0 |      24 |   0.0 |   419
        Lair:5 |       0 |    1757 |   0.0 |       0 |       6 |   0.0 |   237
        Lair:6 |       0 |   20734 |   0.0 |       0 |      65 |   0.0 |   897
       Swamp:1 |       0 |    8610 |   0.0 |       0 |      31 |   0.0 |   364
       Swamp:2 |       0 |    5928 |   0.0 |       0 |      22 |   0.0 |   292
       Swamp:3 |       0 |   14387 |   0.0 |       0 |      46 |   0.0 |   446
       Swamp:4 |       0 |   21487 |   0.0 |       0 |      48 |   0.0 |   341
       Snake:1 |       0 |   39276 |   0.0 |       0 |      77 |   0.0 |  1070
       Snake:2 |       0 |   13553 |   0.0 |       0 |      30 |   0.0 |   393
       Snake:3 |       0 |   32701 |   0.0 |       0 |      66 |   0.0 |   476
       Snake:4 |       0 |   48382 |   0.0 |       0 |      72 |   0.0 |   698
       Slime:1 |       0 |   14014 |   0.0 |       0 |      23 |   0.0 |   153
       Slime:2 |       0 |   10736 |   0.0 |       0 |      21 |   0.0 |   124
       Slime:3 |       0 |    4326 |   0.0 |       0 |       9 |   0.0 |    49
       Slime:4 |       0 |    4721 |   0.0 |       0 |       7 |   0.0 |    84
       Slime:5 |       0 |   21735 |   0.0 |       0 |      15 |   0.0 |   319
         Orc:1 |       0 |    4850 |   0.0 |       0 |      43 |   0.0 |   489
         Orc:2 |       0 |    8562 |   0.0 |       0 |      91 |   0.0 |   761
         Elf:1 |       0 |   14716 |   0.0 |       0 |      40 |   0.0 |   765
         Elf:2 |       0 |   26672 |   0.0 |       0 |      54 |   0.0 |   734
         Elf:3 |       0 |   53846 |   0.0 |       0 |      76 |   0.0 |  1568
      Vaults:1 |       0 |   21763 |   0.0 |       0 |      46 |   0.0 |   448
      Vaults:2 |       0 |   33420 |   0.0 |       0 |      57 |   0.0 |   755
      Vaults:3 |       0 |   57163 |   0.0 |       0 |      74 |   0.0 |   710
      Vaults:4 |       0 |   86013 |   0.0 |       0 |     108 |   0.0 |   880
      Vaults:5 |       0 |  166630 |   0.0 |       0 |     154 |   0.0 |  1063
       Crypt:1 |       0 |   14253 |   0.0 |       0 |      23 |   0.0 |   260
       Crypt:2 |       0 |   17094 |   0.0 |       0 |      24 |   0.0 |   245
       Crypt:3 |       0 |   66515 |   0.0 |       0 |      73 |   0.0 |  1139
        Tomb:1 |       0 |   40706 |   0.0 |       0 |      39 |   0.0 |   824
        Tomb:2 |       0 |   13205 |   0.0 |       0 |      29 |   0.0 |   118
      Depths:1 |       0 |   54432 |   0.0 |       0 |      71 |   0.0 |   842
      Depths:2 |       0 |   64526 |   0.0 |       0 |      82 |   0.0 |   999
      Depths:3 |       0 |   44122 |   0.0 |       0 |      45 |   0.0 |   584
      Depths:4 |       0 |   90180 |   0.0 |       0 |      79 |   0.0 |  1026
      Depths:5 |       0 |   61696 |   0.0 |       0 |      66 |   0.0 |   451
         Zig:1 |       0 |    1078 |   0.0 |       0 |       3 |   0.0 |    17
         Zig:2 |       0 |    1368 |   0.0 |       0 |       5 |   0.0 |    17
         Zig:3 |       0 |    1561 |   0.0 |       0 |       9 |   0.0 |    32
         Zig:4 |       0 |    5300 |   0.0 |       0 |       5 |   0.0 |    34
         Zig:5 |       0 |    8060 |   0.0 |       0 |       6 |   0.0 |    66
         Zig:6 |       0 |    4406 |   0.0 |       0 |      10 |   0.0 |   107
         Zig:7 |       0 |    8697 |   0.0 |       0 |      18 |   0.0 |   103
         Zig:8 |       0 |    1580 |   0.0 |       0 |       5 |   0.0 |    96
         Zig:9 |       0 |     572 |   0.0 |       0 |       1 |   0.0 |    22
           Lab |       0 |    1579 |   0.0 |       0 |       4 |   0.0 |   110
         Sewer |       0 |     235 |   0.0 |       0 |      25 |   0.0 |   236
               +---------+---------+-------+---------+---------+-------+---------
